Map: Backwater LE

Players

Rovado - Winner!

  • Race: Zerg Zerg
  • League: Platinum
  • Spawn Location: 5:00

axu

  • Race: Protoss Protoss
  • League: Platinum
  • Spawn Location: 11:00

VOD

Have the link to the VOD?

Description

Time

  • Played on: March 30, 2018, 11:56 a.m.
  • Length: 16:48
Show
View Real Time Build Order
Export as new Build Order

Rovado Zerg - Winner!

Build Orders: Pool First 

Get SALT Encoding   

  12  0:01  Drone  
  13  0:12  Overlord  
  13  0:17  Drone  
  14  0:30  Drone x2  
  14  0:34  Drone  
  17  0:45  Spawning Pool  
  17  0:48  Drone  
  17  1:10  Hatchery  
  16  1:12  Drone  
  16  1:16  Drone  
  18  1:24  Drone  
  19  1:32  Queen  
  21  1:33  Zergling x2  
  21  1:39  Overlord  
  22  2:07  Extractor  
  21  2:23  Queen  
  21  2:25  Queen  
  21  2:26  Hatchery  
  24  2:33  Drone x2  
  24  2:34  Drone  
  24  2:35  Drone x2  
  29  2:53  Drone x4  
  33  2:59  Queen  
  35  3:10  Extractor  
  33  3:16  Drone x2  
  33  3:17  Overlord, Drone  
  36  3:23  Roach Warren  
  35  3:34  Overlord  
  35  3:42  Drone x2  
  35  3:45  Drone  
  35  3:46  Drone x4  
  42  3:51  Drone  
  42  3:52  Drone x2  
  45  4:03  Lair  
  45  4:04  Metabolic Boost  
  45  4:17  Drone x6  
  45  4:18  Drone  
  45  4:21  Overlord  
  52  4:38  Drone x2, Extractor  
  51  4:41  Drone x3  
  56  4:48  Drone x9  
  56  4:49  Drone  
  56  4:52  Overlord  
  66  4:53  Overlord  
  66  5:11  Roach x4  
  66  5:12  Roach x2  
  66  5:14  Zergling x8  
  82  5:34  Queen  
  80  5:42  Overlord x2  
  79  5:50  Queen  
  79  5:56  Glial Reconstitution  
  81  6:02  Evolution Chamber  
  80  6:04  Evolution Chamber  
  80  6:05  Extractor  
  80  6:06  Evolution Chamber, Drone x3  
  80  6:15  Drone x3  
  80  6:17  Roach x2  
  80  6:18  Roach x5  
  97  6:19  Overlord x2  
  97  6:25  Drone  
  97  6:29  Overlord x2  
  97  6:32  Zerg Missile Weapons Level 1, Zerg Melee Weapons Level 1  
  98  6:33  Zerg Ground Armor Level 1  
  98  7:00  Spire  
  97  7:02  Roach x4  
  97  7:03  Roach x3, Zergling x8  
  97  7:04  Zergling x2  
  108  7:32  Drone, Extractor  
  108  7:33  Drone x3  
  108  7:34  Overlord x2  
  111  7:40  Drone  
  112  7:49  Hatchery  
  111  7:57  Roach x4, Zergling x8  
  111  7:58  Roach x2, Zergling x2  
  104  8:15  Mutalisk x9  
  114  8:20  Zergling x4  
  107  8:27  Hatchery  
  107  8:28  Queen  
  108  8:34  Zergling x2  
  108  8:35  Zergling x4  
  108  8:39  Overlord x2  
  111  8:46  Mutalisk x5  
  121  8:52  Extractor  
  121  8:53  Drone  
  121  8:54  Drone x2  
  121  8:55  Drone  
  124  9:03  Drone  
  124  9:07  Drone x2  
  127  9:10  Extractor  
  127  9:11  Mutalisk x3  
  127  9:12  Extractor  
  127  9:13  Zergling x14  
  127  9:14  Zergling x2  
  139  9:20  Infestation Pit  
  138  9:26  Drone  
  138  9:30  Overlord x2  
  139  9:32  Overseer  
  139  9:35  Pneumatized Carapace  
  139  9:41  Drone  
  139  9:44  Drone  
  139  9:45  Drone x2  
  143  9:46  Drone x4  
  143  9:50  Drone x3  
  143  9:51  Drone x3  
  153  9:58  Mutalisk x5  
  163  10:04  Zerg Flyer Weapons Level 1  
  163  10:08  Drone  
  164  10:26  Zergling x6  
  164  10:27  Overlord x2, Zergling x6  
  170  10:32  Hive  
  170  10:33  Zerg Melee Weapons Level 2, Zerg Missile Weapons Level 2  
  170  10:34  Zerg Ground Armor Level 2  
  142  11:38  Zergling x4  
  142  11:39  Roach x6, Zergling x10  
  166  11:40  Roach x4, Zergling x4  
  169  12:00  Ultralisk Cavern  
  168  12:02  Adrenal Glands  
  170  12:08  Roach x2, Zergling x4  
  170  12:09  Roach x2, Zergling x2  
  170  12:14  Drone, Hydralisk Den  
  179  12:17  Queen  
  179  12:18  Overlord x3  
  177  12:55  Ultralisk x3  
  193  13:50  Ultralisk  
  181  15:00  Ultralisk x3  
  197  15:09  Roach, Hydralisk x3  
  197  15:10  Zergling x10  
  197  15:11  Zergling x4  
  192  15:20  Roach, Hydralisk x4, Zergling x2  
  192  15:21  Ultralisk, Hydralisk x2, Zergling x8  
  176  15:22  Roach, Ultralisk, Zergling x4  
  169  15:43  Hydralisk x3  
  169  15:44  Roach, Hydralisk x2, Zergling x6  
  169  15:45  Roach, Ultralisk, Zergling x4  
  190  16:30  Extractor  
  190  16:32  Extractor  
  182  16:34  Hatchery  
Show
View Real Time Build Order
Export as new Build Order

axu Protoss 

Build Orders: 1 Gate Expand 

Get SALT Encoding   

  12  0:00  Probe  
  13  0:15  Probe  
  14  0:25  Pylon  
  14  0:27  Probe  
  15  0:43  Gateway, Probe  
  16  0:53  Assimilator  
  16  0:55  Probe (Chrono Boost)  
  17  1:06  Probe (Chrono Boost)  
  17  1:11  Probe (Chrono Boost)  
  19  1:25  Nexus  
  19  1:39  Probe  
  20  1:43  Assimilator  
  20  1:45  Pylon  
  20  1:51  Probe  
  21  1:57  Cybernetics Core  
  21  2:10  Gateway  
  21  2:12  Zealot (Chrono Boost)  
  23  2:27  Probe (Chrono Boost)  
  24  2:37  Adept  
  26  2:39  Probe (Chrono Boost)  
  26  2:44  Probe (Chrono Boost)  
  27  2:53  Probe x2  
  27  2:57  Adept, Warp Gate (Chrono Boost)  
  31  3:05  Probe x2  
  33  3:17  Probe  
  33  3:18  Adept, Probe  
  37  3:25  Adept  
  37  3:26  Twilight Council  
  39  3:29  Probe  
  39  3:30  Probe  
  41  3:41  Probe  
  41  3:42  Probe  
  41  3:45  Sentry  
  45  3:49  Robotics Facility  
  45  4:02  Pylon  
  45  4:05  Probe  
  45  4:07  Pylon  
  46  4:19  Assimilator  
  46  4:20  Probe (Chrono Boost)  
  46  4:21  Sentry  
  50  4:24  Assimilator  
  50  4:25  Charge, Probe (Chrono Boost)  
  51  4:31  Probe (Chrono Boost)  
  51  4:35  Probe (Chrono Boost)  
  51  4:36  Probe (Chrono Boost)  
  51  4:38  Observer  
  54  4:42  Gateway  
  54  4:44  Gateway x2  
  54  5:02  Probe x2  
  54  5:06  Nexus  
  56  5:14  Probe x2, Robotics Bay  
  52  5:38  Immortal (Chrono Boost)  
  54  5:53  Robotics Facility  
  54  5:58  Probe x2  
  54  6:04  Pylon  
  56  6:06  Pylon  
  56  6:07  Immortal (Chrono Boost)  
  56  6:10  Pylon, Probe  
  61  6:13  Pylon  
  61  6:14  Pylon  
  61  6:24  Stalker x4  
  61  6:25  Stalker  
  71  6:34  Probe x3  
  71  6:39  Immortal  
  78  6:41  Extended Thermal Lance  
  78  6:46  Probe x3  
  81  6:56  Zealot x3  
  81  6:58  Probe (Chrono Boost)  
  81  6:59  Probe (Chrono Boost)  
  81  7:00  Probe (Chrono Boost)  
  90  7:02  Colossus  
  96  7:10  Probe (Chrono Boost)  
  96  7:11  Probe (Chrono Boost)  
  96  7:26  Immortal  
  100  7:35  Gateway  
  100  7:36  Shield Battery  
  100  7:38  Shield Battery, Probe x2  
  100  7:39  Probe  
  100  7:41  Shield Battery  
  103  7:50  Probe  
  103  7:51  Probe x2  
  106  7:52  Templar Archives  
  106  7:55  Gateway  
  106  7:56  Colossus  
  106  7:57  Gateway  
  106  8:13  Zealot x4  
  114  8:28  Psionic Storm  
  114  8:38  Forge  
  114  8:40  Forge  
  114  8:42  Probe x2, Pylon  
  114  8:43  Probe  
  114  8:44  Pylon  
  114  8:46  Pylon  
  117  8:49  Pylon  
  117  8:51  Assimilator  
  117  8:53  Pylon  
  117  8:54  Assimilator, Shield Battery  
  117  8:55  Shield Battery  
  117  9:00  Probe x3  
  117  9:01  Colossus  
  126  9:13  Zealot x2  
  126  9:14  Zealot x2  
  126  9:16  Protoss Ground Armor Level 1 (Chrono Boost), Protoss Ground Weapons Level 1 (Chrono Boost)  
  134  9:25  Gateway  
  134  9:27  Gateway  
  134  9:28  Gateway  
  134  9:32  Gateway  
  134  9:34  Gateway  
  134  9:43  High Templar x2  
  134  9:44  High Templar x4  
  146  9:49  Colossus  
  152  9:56  Nexus  
  152  10:00  Pylon  
  152  10:01  Pylon  
  152  10:04  Pylon  
  152  10:09  Warp Prism  
  154  10:26  Shield Battery  
  154  10:29  Shield Battery  
  154  10:31  Shield Battery  
  154  10:32  Shield Battery  
  154  10:37  Photon Cannon  
  154  10:39  Photon Cannon  
  154  10:43  Zealot, Observer, Photon Cannon  
  154  10:44  Zealot x5  
  154  10:45  Photon Cannon  
  167  10:50  Assimilator  
  167  10:53  Assimilator  
  159  11:20  Stalker x5  
  159  11:21  Stalker x3  
  159  11:22  Stalker  
  159  11:59  Protoss Ground Armor Level 2, Protoss Ground Weapons Level 2  
  159  12:10  Photon Cannon  
  159  12:11  High Templar x3  
  159  12:12  High Templar x2, Pylon  
  159  12:13  High Templar x3, Photon Cannon  
  159  12:15  Archon, Pylon, Photon Cannon  
  175  12:17  Archon x2  
  175  12:20  Archon  
  175  12:34  Pylon  
  175  12:36  Pylon  
  175  12:39  Stargate  
  175  12:40  Stargate  
  168  12:54  High Templar x2  
  168  12:57  High Templar  
  147  13:49  Phoenix x2 (Chrono Boost)  
  151  13:56  Stalker x5  
  151  13:57  Stalker x2  
  151  14:26  Phoenix  
  141  14:47  Phoenix (Chrono Boost)  
  141  14:48  Probe  
  141  14:49  Probe x2  
  140  14:56  Phoenix (Chrono Boost)  
  140  14:58  Probe  
  139  15:00  Probe  
  139  15:05  Probe  
  139  15:10  Probe  
  90  15:32  Zealot x3  
  82  15:44  Probe x2  
  82  15:45  Probe x2  
  84  15:55  Pylon  
  84  15:56  Probe  
  84  15:57  Probe x2  
  78  15:58  Pylon  
  78  16:01  Pylon  
  79  16:04  Phoenix x2  
  79  16:07  Pylon  
  83  16:11  High Templar x3  
  93  16:24  High Templar x3  
  93  16:25  High Templar  
  105  16:32  Archon x3  
Tags
 
Add a new tag
Caveats
  • Supply blocks, unpowered buildings, or Contaminate may cause inaccurate times.
  • Supply counts are checked every 10 seconds.